 Dungeon Crawl Stone Soup version 0.26-a0-949-ga0cc1ef5f6 (webtiles) character file.

Game seed: 1240035267076508171

17868 miscthings the Whirler (level 12, -1/81 HPs)
             Began as a Halfling Hunter on Nov 28, 2020.
             Was a High Priest of Okawaru.
             Slain by an eight-headed hydra (7 damage)
             ... on level 14 of the Dungeon.
             The game lasted 00:26:32 (14154 turns).

miscthings the Whirler (Halfling Hunter)           Turns: 14154, Time: 00:26:33

Health: -1/81      AC: 12    Str: 15    XL:     12   Next: 88%
Magic:  15/16      EV: 26    Int: 11    God:    Okawaru [*****.]
Gold:   683        SH:  0    Dex: 16    Spells: 11/11 levels left

rFire    + . .     SeeInvis .   a - +2 hunting sling
rCold    + . .     Faith    .   (shield restricted)
rNeg     . . .     Spirit   .   t - +2 robe {rC+ rF+}
rPois    .         Reflect  .   (no helmet)
rElec    .         Harm     .   w - +0 cloak
rCorr    .         Rampage  .   (no gloves)
MR       .....                  i - +0 pair of boots
Stlth    ++++......             J - amulet of regeneration
HPRegen  0.63/turn              n - ring of stealth
MPRegen  0.15/turn              M - +4 ring of protection

@: heroism
A: small, mutation resistance 1
a: Heroism, Finesse, Renounce Religion


You were on level 14 of the Dungeon.
You worshipped Okawaru.
Okawaru was extremely pleased with you.
You visited 3 branches of the dungeon, and saw 14 of its levels.

You collected 814 gold pieces.
You spent 131 gold pieces at shops.

Inventory:

Hand Weapons
 a - a +2 hunting sling (weapon)
 b - a +0 short sword
Missiles
 d - 67 sling bullets (quivered)
 f - 112 stones
 k - 7 curare-tipped darts
Armour
 i - a +0 pair of boots (worn)
 t - a +2 robe of resistance (worn)
 w - a +0 cloak (worn)
 D - +0 steam dragon scales
Jewellery
 c - an uncursed ring of wizardry
 n - a ring of stealth (left hand)
 y - a +6 ring of intelligence
 J - an amulet of regeneration (around neck)
 M - a +4 ring of protection (right hand)
Wands
 r - a wand of paralysis (5)
 v - a wand of acid (7)
 B - a wand of digging (3)
Scrolls
 e - 4 scrolls of teleportation
 l - 2 scrolls of enchant armour {unknown}
 s - 2 scrolls of magic mapping
 u - a scroll of enchant weapon
 x - 6 scrolls of remove curse
 z - 2 scrolls of blinking {unknown}
 E - 5 scrolls of identify {@r1}
 F - a scroll of amnesia
 G - 3 scrolls of immolation {unknown}
 I - a scroll of torment {unknown}
 K - a scroll of random uselessness {unknown}
 L - 2 scrolls of fog
Potions
 g - a potion of brilliance
 h - 4 potions of haste
 j - 2 potions of flight
 m - 2 potions of curing
 o - 2 potions of attraction
 p - 3 potions of might
 q - a potion of magic {unknown}
 A - 2 potions of berserk rage
 C - a potion of invisibility
 H - a potion of degeneration {unknown}


   Skills:
 + Level 7.1(12.1) Fighting
 - Level 15.0(20.0) Slings
 + Level 8.1(13.1) Armour
 + Level 8.5(13.5) Dodging
 - Level 1.1(6.1) Stealth
 + Level 5.6 Invocations
 * Level 10.5 Evocations


You had 11 spell levels left.
You didn't know any spells.
Your spell library contained the following spells:

 Spells                   Type           Power        Failure   Level
 Animate Skeleton         Necr           #.....       34%         1
 Pain                     Necr           #...         34%         1
 Vampiric Draining        Necr           #.........   71%         3
 Animate Dead             Necr           #.........   98%         4
 Agony                    Necr           #.......     100%        5


Dungeon Overview and Level Annotations

Branches:
Dungeon (11/15)            Temple (1/1) D:4            Lair (1/6) D:9
    Orc: D:9-12

Altars:
Ashenzari
Cheibriados
Dithmenos
Elyvilon
Fedhas
Gozag
Hepliaklqana
Kikubaaqudgha
Makhleb
Nemelex Xobeh
Okawaru
Qazlal
Ru
Sif Muna
Trog
Uskayaw
Vehumet
Wu Jian
Xom
Yredelemnul
Zin
The Shining One

Shops:
D:4 !   D:5 }   D:6 *

Portals:
Trove: D:10 (give +7 demon whip)


Innate Abilities, Weirdness & Mutations

You are small and have problems with some larger weapons.
You are somewhat resistant to further mutation.


Message History

The eight-headed hydra completely misses you.
The eight-headed hydra bites you!
* * * LOW HITPOINT WARNING * * *
The eight-headed hydra closely misses you.
The eight-headed hydra bites you!
* * * LOW HITPOINT WARNING * * *
The eight-headed hydra misses you.
The eight-headed hydra barely misses you.
The eight-headed hydra completely misses you.
Evoke which item? (* to show all) (? for menu, Esc to quit)
Okay, then.
Evoke which item? (* to show all) (? for menu, Esc to quit)
Aiming: Corrosive Bolt
Press: ? - help, Shift-Dir - straight line, f/p - eight-headed hydra
Aim: an eight-headed hydra (almost dead, covered in acid, 8% to evade)
The bolt of acid misses the eight-headed hydra.
The eight-headed hydra bites you!
* * * LOW HITPOINT WARNING * * *
The eight-headed hydra bites you!
You die...

......##.#.#).#...#.#
#..#.##..........#.#
................#.########
#.
#.#.##.###...............#
#.
#.#.........##.D########.#
#. #.#.##.###..##..# #(#
#.##...##.###..##(.#####
#D#
.##...#..........D(........
(.(
..............#.@##.##.####
### .................##.#
.# ......##....#....##.. .
..........#.#....##### #
...##............# ...
#............. ..
####.......... ..
#.........# . ###.........#


You could see an eight-headed hydra (corroded).

Vanquished Creatures
  Gastronok (D:11)
  A hydra (D:11)
  A centaur warrior (D:11)
  2 two-headed ogres
  An ugly thing (D:8)
  14 cane toads (Lair:1)
  A rime drake (Lair:1)
  A gargoyle (D:10)
  2 komodo dragons
  A guardian mummy (D:10)
  2 trolls
  5 blink frogs
  A wraith (D:9)
  A wyvern (Lair:1)
  A basilisk (Lair:1)
  A steam dragon (D:11)
  Menkaure (D:5)
  An acid dragon (D:14)
  5 water moccasins
  Duvessa (D:5)
  A swamp drake (D:10)
  4 orc warriors
  2 sky beasts
  A phantom (D:5)
  3 ice beasts
  3 black bears
  An eye of draining (D:11)
  An ogre (D:10)
  A boggart (D:6)
  5 centaurs
  A wolf (Lair:1)
  3 lemures (D:5)
  7 bullfrogs
  Dowan (D:5)
  3 scorpions
  8 wights
  4 killer bees (D:10)
  An electric eel (Lair:1)
  A howler monkey (D:10)
  A centaur zombie (D:9)
  Crazy Yiuf (D:5)
  4 hounds
  2 bullfrog zombies (D:10)
  8 orc priests
  2 bullfrog skeletons
  A jelly (D:10)
  An iguana (D:4)
  13 orc wizards
  7 worker ants
  A hound zombie (D:9)
  A howler monkey skeleton (D:4)
  3 adders
  4 gnolls (D:5)
  3 shadow imps
  2 ufetubi
  3 oozes
  4 leopard geckos
  46 orcs
  4 giant cockroaches
  4 goblins
  4 hobgoblins
  9 jackals
  11 kobolds
  4 quokkas
  5 bats
  5 frilled lizards
  12 rats
260 creatures vanquished.

Vanquished Creatures (others)
  Erica (D:11)
  An orc warrior (D:10)
  An orc (D:10)
  12 fungi
  16 plants
31 creatures vanquished.

Grand Total: 291 creatures vanquished

Notes
Turn   | Place    | Note
-------+----------+-------------------------------------------
     0 | D:1      | miscthings the Halfling Hunter began the quest for the Orb.
     0 | D:1      | Reached XP level 1. HP: 14/14 MP: 1/1
    84 | D:1      | Reached skill level 6 in Slings
   217 | D:1      | Reached XP level 2. HP: 11/19 MP: 2/2
   520 | D:1      | Reached skill level 7 in Slings
   520 | D:1      | Reached XP level 3. HP: 24/24 MP: 3/3
   886 | D:2      | Found a shimmering altar of Xom.
   899 | D:2      | Found a stormy altar of Qazlal.
   960 | D:2      | Reached XP level 4. HP: 29/29 MP: 4/4
  1526 | D:3      | Reached skill level 8 in Slings
  1813 | D:4      | Found Pecveinn's Distillery.
  1840 | D:4      | Reached XP level 5. HP: 18/34 MP: 5/5
  2131 | D:4      | Bought a potion of heal wounds for 65 gold pieces
  2176 | D:4      | You fall into a shaft and drop 1 floor!
  2176 | D:5      | Entered Level 5 of the Dungeon
  2273 | D:5      | Reached skill level 9 in Slings
  2482 | D:5      | Found a bloodstained altar of Trog.
  2482 | D:5      | Found a shimmering blue altar of Sif Muna.
  2612 | D:5      | Found a blossoming altar of Fedhas.
  2631 | D:5      | Noticed Duvessa
  2634 | D:5      | Noticed Dowan
  2653 | D:5      | Killed Duvessa
  2654 | D:5      | Reached skill level 10 in Slings
  2654 | D:5      | Reached XP level 6. HP: 25/39 MP: 6/6
  2670 | D:5      | Killed Dowan
  2898 | D:5      | Reached skill level 11 in Slings
  2898 | D:5      | Reached XP level 7. HP: 38/44 MP: 7/7
  3056 | D:5      | Noticed Pikel
  3385 | D:5      | Noticed Pikel
  3385 | D:5      | Pikel changed into Pikel the blink frog
  3431 | D:5      | Killed Pikel the blink frog
  3736 | D:5      | Reached skill level 12 in Slings
  3765 | D:5      | Reached XP level 8. HP: 42/49 MP: 8/8
  3900 | D:5      | Found Qeax's Gadget Shoppe.
  3911 | D:5      | Noticed Menkaure
  3928 | D:5      | Killed Menkaure
  3929 | D:5      | Reached skill level 13 in Slings
  4332 | D:5      | Found a runed translucent door.
  4333 | D:5      | Noticed Crazy Yiuf
  4441 | D:5      | Killed Crazy Yiuf
  4650 | D:4      | Found a white marble altar of Elyvilon.
  5133 | D:4      | Found a staircase to the Ecumenical Temple.
  5254 | Temple   | Entered the Ecumenical Temple
  5555 | D:6      | Reached skill level 14 in Slings
  5568 | D:6      | Found a sacrificial altar of Ru.
  5675 | D:6      | Found a broken altar of Ashenzari.
  5676 | D:6      | Found a shadowy altar of Dithmenos.
  5726 | D:6      | Found a glowing silver altar of Zin.
  5764 | D:6      | Found Tatzenta's General Store.
  5817 | D:6      | Bought a scroll of fog for 24 gold pieces
  5817 | D:6      | Bought a scroll of magic mapping for 42 gold pieces
  6005 | D:6      | Noticed Edmund
  6011 | D:6      | Noticed Edmund
  6011 | D:6      | Edmund changed into Edmund the boggart
  6019 | D:6      | Killed Edmund the boggart
  6062 | D:6      | Found a glowing golden altar of the Shining One.
  6554 | D:7      | Noticed Maggie
  6564 | D:6      | Reached skill level 15 in Slings
  6564 | D:6      | Reached XP level 9. HP: 49/54 MP: 9/9
  6629 | D:7      | Noticed Maggie
  6629 | D:7      | Maggie changed into Maggie the water moccasin
  6652 | D:7      | Killed Maggie the water moccasin
  6653 | D:7      | Reached skill level 1 in Evocations
  6918 | D:7      | Reached skill level 1 in Armour
  7420 | D:8      | Noticed a +0 hand axe
  7420 | D:8      | Noticed a +0 dagger
  7422 | D:8      | Found a hide-covered altar of Uskayaw.
  7486 | D:8      | Noticed a cyan ugly thing
  7522 | D:8      | Killed a cyan ugly thing
  7761 | D:9      | Noticed a komodo dragon
  8008 | D:9      | Noticed a troll
  8010 | D:9      | Reached XP level 10. HP: 45/63 MP: 10/10
  8010 | D:9      | Noticed a two-headed ogre
  8022 | D:8      | Reached skill level 5 in Evocations
  8266 | D:9      | Killed a two-headed ogre
  8267 | D:9      | Reached skill level 5 in Dodging
  8384 | D:9      | Killed a komodo dragon
  8484 | D:9      | You fall into a shaft and drop 1 floor!
  8484 | D:10     | Entered Level 10 of the Dungeon
  8573 | D:10     | Noticed a gargoyle
  8596 | D:10     | Killed a gargoyle
  8597 | D:10     | Reached skill level 5 in Armour
  8893 | D:10     | Found a portal to a secret trove of treasure.
  8993 | D:10     | Noticed a two-headed ogre
  9289 | D:10     | Reached skill level 5 in Fighting
  9973 | D:10     | Reached XP level 11. HP: 68/71 MP: 11/11
 10133 | D:9      | Found an iron altar of Okawaru.
 10172 | D:9      | Became a worshipper of Warmaster Okawaru
 10455 | D:9      | Found a staircase to the Lair.
 10487 | D:9      | Found an ancient bone altar of Kikubaaqudgha.
 10585 | D:9      | Found a shimmering blue altar of Sif Muna.
 10721 | D:10     | Reached skill level 1 in Invocations
 11142 | D:10     | Killed a two-headed ogre
 11142 | D:10     | Reached * piety under Okawaru
 11374 | Lair:1   | Entered Level 1 of the Lair of Beasts
 11541 | Lair:1   | HP: 2/72 [rime drake/flash freeze (15)]
 11552 | Lair:1   | Reached ** piety under Okawaru
 12020 | Lair:1   | Reached *** piety under Okawaru
 12174 | Lair:1   | Reached XP level 12. HP: 63/79 MP: 14/14
 12452 | Lair:1   | Reached **** piety under Okawaru
 12625 | Lair:1   | Received a gift from Okawaru
 13530 | D:11     | Noticed Gastronok
 13557 | D:11     | Killed Gastronok
 13557 | D:11     | Received a gift from Okawaru
 13558 | D:11     | Reached skill level 5 in Invocations
 13558 | D:11     | Reached skill level 10 in Evocations
 13680 | D:11     | Noticed a centaur warrior
 13694 | D:11     | Killed a centaur warrior
 13696 | D:11     | Noticed Sonja
 13697 | D:11     | Noticed Sonja
 13697 | D:11     | Sonja changed into Sonja the steam dragon
 13708 | D:11     | Killed Sonja the steam dragon
 13894 | D:11     | Reached ***** piety under Okawaru
 13965 | D:11     | Noticed Erica
 13977 | D:11     | Killed Erica
 13979 | D:11     | Received a gift from Okawaru
 14031 | D:11     | Noticed an eight-headed hydra
 14052 | D:11     | Killed an eight-headed hydra
 14061 | D:11     | You fall into a shaft and drop 3 floors!
 14130 | D:14     | Noticed an eight-headed hydra
 14154 | D:14     | Slain by an eight-headed hydra

Illustrated notes

Levels and vault maps discovered:
D:1:      wheals_arrival_shading, layout_basic
D:2:      layout_rooms, nicolae_overflow_hidden_temple, grunt_qazlal_clouds,
          serial_aquarium, aquarium_bridge_straight [aquarium_subvault_bridge,
          aquarium_subvault_wall, aquarium_subvault_bridge,
          aquarium_subvault_wall], aquarium_window_fake, aquarium_window_1,
          aquarium_view_2b, aquarium_view_2e, aquarium_pool_2
D:3:      layout_basic
D:4:      layout_basic, temple_hall, serial_shops, nicolae_shop_stone,
          elyvilon_altar_1
D:5:      layout_gridville, gammafunk_temple_overflow_elements,
          fedhas_ov_isle_minmay, serial_shops, shop, lemuel_old_faithful,
          uniq_duvessa, uniq_crazy_yiuf_cottage, uniq_menkaure, uniq_pikel
D:6:      layout_basic, zin_scriptorium, nicolae_ru_path_of_blood,
          gammafunk_temple_overflow_statue, serial_shops, shop,
          amethyst_killhole, nicolae_tso_carved_into_rock, uniq_edmund
D:7:      layout_rooms, uniq_maggie
D:8:      layout_basic, dancing_weapons_uskayaw, kennysheep_big_empty_room,
          wad_hexagon
D:9:      layout_rooms, lemuel_crystal_altar, okawaru_gym_becter,
          grunt_lair_entry_orc_guard_hut, led_sif_pool
D:10:     layout_cave_pods, special_room [special_room_orc],
          nicolae_trove_entry_path_of_doom, nicolae_two_hexagons,
          minmay_misc_feat_square, kennysheep_pointless_box, roderic_lattice_a
D:11:     layout_grid_maze, basic_altar, uniq_sonja, uniq_harold,
          uniq_gastronok, uniq_erica
D:14:     layout_basic, minmay_stone_trees_small, grunt_gozag_breadcrumbs
Temple:   nicolae_temple_figure_zero
Lair:1:   layout_gridlike, nicolae_lair_grove_arrangements, beast_lair_carwin_7

Skill      XL: |  1  2  3  4  5  6  7  8  9 10 11 12 |
---------------+-------------------------------------+-----
Slings         | 6 7 8 10 11 12 15 | 15.0
Fighting       | 3 5 6 7 |  7.1
Evocations     | 4 7 9 10 | 10.5
Armour         | 3 5 6 8 |  8.1
Dodging        | 4 6 7 8 |  8.5
Invocations    | 3 5 |  5.6
Stealth        | |  1.1

Action                   |  1- 3 |  4- 6 |  7- 9 | 10-12 || total
-------------------------+-------+-------+-------+-------++-------
Melee: Hunting sling     |       |       |       |     1 ||     1
 Fire: Hunting sling     |    99 |   134 |   488 |  1098 ||  1819
Throw: Dart              |       |       |       |     3 ||     3
Invok: Heroism           |       |       |       |     3 ||     3
Evoke: Wand              |       |     3 |     5 |    19 ||    27
  Use: Scroll            |       |     3 |    10 |     3 ||    16
       Potion            |       |       |     1 |     5 ||     6
Armor: Leather armour    |     4 |     3 |     8 |       ||    15
       Steam dragon scal |       |       |    13 |     3 ||    16
       Robe              |       |       |       |    26 ||    26
Dodge: Dodged            |    16 |    23 |    98 |   281 ||   418

Table legend: (Time is in decaauts)
 A = Elapsed time spent in this place.
 B = Non-inter-level travel time spent in this place.
 C = Inter-level travel time spent in this place.
 D = Time resting spent in this place.
 E = Time spent auto-exploring this place.
 F = Levels seen in this place.
 G = Mean time per level.
                   A        B        C        D        E       F      G
               +--------+--------+--------+--------+--------+-----+--------+
         Total |  13520 |  12814 |    706 |   3387 |   6681 |  14 |  965.7 |
       Dungeon |  11582 |  10937 |    645 |   2830 |   5755 |  12 |  965.2 |
        Temple |    117 |    107 |     10 |      0 |    107 |   1 |  117.0 |
          Lair |   1820 |   1770 |     50 |    557 |    819 |   1 | 1820.0 |
               +--------+--------+--------+--------+--------+-----+--------+

Top non-repeatable levels by time:
     D:5: 2283 daAuts
    D:10: 2126 daAuts
  Lair:1: 1820 daAuts
     D:6: 1250 daAuts
     D:4: 1223 daAuts
     D:9: 918 daAuts
     D:8: 860 daAuts
     D:1: 708 daAuts
    D:11: 582 daAuts
     D:2: 560 daAuts
     D:3: 512 daAuts
     D:7: 471 daAuts
  Temple: 117 daAuts
    D:14: 84 daAuts
